[Event "Team 45 45 League T63"]
[Site "Internet Chess Club"]
[Date "2015.01.11"]
[Round "6"]
[White "moodle"]
[Black "anishio"]
[Result "1-0"]
[WhiteElo "1794"]
[BlackElo "1716"]
[Opening "Four knights: Spanish, classical defense"]
[ECO "C48"]
[Time "11:00:36"]
[TimeControl "2700+45"]

1. e4 e5 2. Nf3 Nc6 3. Nc3 Nf6 4. Bb5 Bc5 5. O-O O-O 6. d3 a6 7. Bxc6 dxc6 8.
Nxe5 Re8 9. Nf3 Bg4 10. h3 Bh5 11. Bg5 h6 12. Bh4 g5 13. Bg3 Qe7 14. Qe2 Rad8
15. Rfe1 Bd4 16. a4 Bxc3 17. bxc3 Nd5 18. Qd1 Nxc3 19. Qd2 Qc5 20. Bxc7 Rd7 21.
g4 Bxg4 22. hxg4 Rxc7 23. d4 Qc4 24. Ne5 Qb4 25. Reb1 Qa5 26. Rb3 Rd8 27. Qxc3
Qxc3 28. Rxc3 Rxd4 29. f3 f6 30. Nd3 Kg7 31. Nc5 Kf7 32. Rb3 b5 33. axb5 axb5
34. Nd3 Rcd7 35. Rba3 Rc4 36. Ra7 Rxa7 37. Rxa7+ Kg6 38. Ra2 Rc3 39. Kf2 c5 40.
Ke2 b4 41. Rb2 Rc4 42. Kd2 Kf7 43. Rb3 Ke6 44. c3 bxc3+ 45. Rxc3 Rxc3 46. Kxc3
Kd6 47. Kc4 Kc6 48. Nxc5 Kd6 49. Nd3 Kc6 50. e5 {Black resigns} 1-0

[Event "Team 45 45 League T63"]
[Site "Internet Chess Club"]
[Date "2015.01.11"]
[Round "6"]
[White "TacoCrafterHD"]
[Black "ethan0627"]
[Result "0-1"]
[WhiteElo "1453"]
[BlackElo "1420"]
[Opening "Sicilian: Labourdonnais-Löwenthal variation"]
[ECO "B32"]
[Time "20:29:07"]
[TimeControl "2700+45"]

1. e4 c5 2. Nf3 Nc6 3. d4 cxd4 4. Nxd4 e5 5. Nb3 Nf6 6. Nc3 Bb4 7. Bd3 d5 8.
exd5 Nxd5 9. Bd2 Nxc3 10. bxc3 Bd6 11. O-O O-O 12. Re1 Re8 13. Qe2 Qc7 14. Qh5
h6 15. Nd4 Nxd4 16. cxd4 Bd7 17. dxe5 Bxe5 18. h3 Bxa1 {White resigns} 0-1

[Event "Team 45 45 League T63"]
[Site "Internet Chess Club"]
[Date "2015.01.11"]
[Round "6"]
[White "almond123"]
[Black "karthikkallam"]
[Result "1-0"]
[WhiteElo "1502"]
[BlackElo "1311"]
[Opening "Ruy Lopez: old Steinitz defense"]
[ECO "C62"]
[Time "14:00:27"]
[TimeControl "2700+45"]

1. e4 e5 2. Nf3 Nc6 3. Bb5 d6 4. Nc3 Bd7 5. O-O Nf6 6. d3 a6 7. Ba4 Be7 8. Be3
O-O 9. Qd2 Bg4 10. Qe2 Nd4 11. Bxd4 exd4 12. Nb1 b5 13. Bb3 Re8 14. Nbd2 c6 15.
h3 Bh5 16. Qe1 c5 17. a3 a5 18. Nh4 d5 19. exd5 Nxd5 20. Nhf3 Bg5 21. Qc1 Bxf3
22. gxf3 Re2 23. Rd1 Bf4 24. Kf1 Bxd2 25. Rxd2 Rxd2 26. Qxd2 Nb6 27. Rd1 a4 28.
Ba2 Nd7 29. Re1 Qh4 30. Kg2 Nf6 31. Qe2 h6 32. Qe5 Nh5 33. Re4 Qg5+ 34. Qxg5
hxg5 35. Re5 Rb8 36. Rxg5 Nf4+ 37. Kg3 Ne6 38. Bxe6 fxe6 39. Rxc5 b4 40. Ra5
bxa3 41. bxa3 Rb2 42. Rxa4 Rxc2 43. Rxd4 Rc3 44. a4 Ra3 45. Re4 Kf7 46. Rd4 e5
47. Re4 Ke6 48. d4 Rxa4 49. dxe5 Rxe4 50. fxe4 Kxe5 51. Kf3 g6 52. h4 Kd4 53.
Kf4 Kc5 54. Kg5 Kd4 55. Kxg6 Kxe4 56. h5 Kf3 57. h6 Kxf2 58. h7 Ke3 59. h8=Q Ke4
60. Qh5 Kd3 61. Qe5 Kd2 62. Qe4 Kc3 63. Qd5 Kc2 64. Qd4 Kb3 65. Qc5 Kb2 66. Qc4
Ka3 67. Qb5 Ka2 68. Qb4 Ka1 69. Kf5 Ka2 70. Ke4 Ka1 71. Kd3 Ka2 72. Kc2 Ka1 73.
Qa3# {Black checkmated} 1-0

[Event "Team 45 45 League T63"]
[Site "Internet Chess Club"]
[Date "2015.01.11"]
[Round "6"]
[White "Tjet"]
[Black "Elalfer"]
[Result "0-1"]
[WhiteElo "1566"]
[BlackElo "1578"]
[Opening "English: symmetrical variation"]
[ECO "A38"]
[Time "21:02:06"]
[TimeControl "2700+45"]

1. c4 c5 2. Nc3 Nc6 3. g3 g6 4. Bg2 Bg7 5. Nf3 Nf6 6. O-O O-O 7. e4 d6 8. d3 a6
9. h3 Rb8 10. Be3 b5 11. cxb5 axb5 12. Rb1 Nd7 13. Qd2 Nde5 14. Kh2 Be6 15. Nxe5
Bxe5 16. f4 Bd4 17. f5 Bd7 18. fxg6 hxg6 19. Bh6 Bg7 20. Bxg7 Kxg7 21. Rf2 Be6
22. a3 b4 23. axb4 Rxb4 24. Nd5 Bxd5 25. exd5 Ne5 26. Rbf1 Rd4 27. Be4 f5 28.
Qg5 Nf7 29. Qf4 fxe4 30. dxe4 Rb4 31. h4 Qb8 32. h5 Rxb2 33. Rxb2 Qxb2+ 34. Rf2
Qe5 35. h6+ Kh7 36. Qxe5 dxe5 37. Rc2 Rc8 38. Kg2 Kxh6 39. Kf3 Kg5 40. Ke3 Nd6
41. Kf3 c4 {White resigns} 0-1

[Event "Team 45 45 League T63"]
[Site "Internet Chess Club"]
[Date "2015.01.13"]
[Round "6"]
[White "Berke"]
[Black "dabodhi"]
[Result "1-0"]
[WhiteElo "1535"]
[BlackElo "1382"]
[Opening "Scandinavian: Marshall variation"]
[ECO "B01"]
[Time "11:00:15"]
[TimeControl "2700+45"]

1. e4 d5 2. exd5 Nf6 3. d4 Nxd5 4. c4 Nb6 5. Nc3 e5 6. d5 Bc5 7. Nf3 f6 8. a3
O-O 9. Be2 Bg4 10. b4 Be7 11. c5 Nc8 12. Qb3 Kh8 13. O-O b6 14. Be3 Bxf3 15.
Bxf3 Na6 16. Qc4 Nb8 17. Rfd1 Qd7 18. d6 cxd6 19. Bxa8 Nc6 20. cxd6 Nxd6 21.
Qxc6 Qxc6 22. Bxc6 Rc8 23. Nd5 {Black resigns} 1-0

[Event "Team 45 45 League T63"]
[Site "Internet Chess Club"]
[Date "2015.01.11"]
[Round "6"]
[White "chessman64"]
[Black "QuimCatala"]
[Result "1/2-1/2"]
[WhiteElo "1426"]
[BlackElo "1358"]
[Opening "Sicilian defense"]
[ECO "B30"]
[Time "11:00:36"]
[TimeControl "2700+45"]

1. e4 c5 2. Nf3 Nc6 3. Bc4 e5 4. d3 h6 5. Nc3 Nf6 6. O-O d6 7. a3 Bg4 8. Bb5 Be7
9. Re1 O-O 10. Bxc6 bxc6 11. h3 Bh5 12. Re3 Re8 13. Ne2 Nd7 14. Ng3 Bg6 15. c4
Bh4 16. Nxh4 Qxh4 17. Qf3 Re6 18. Nf5 Bxf5 19. Qxf5 Nf8 20. g3 Qf6 21. Rf3 Nh7
22. Qxf6 Nxf6 23. Bd2 d5 24. cxd5 cxd5 25. exd5 Rd6 26. Re1 Rxd5 27. Bc3 Re8 28.
Rfe3 Nd7 29. f4 f6 30. fxe5 Nxe5 31. Bxe5 fxe5 32. b4 cxb4 33. axb4 a6 34. Kf2
Rb5 35. Re4 Kf7 36. Ra1 Re6 37. Ra5 Kf6 38. Rxb5 axb5 39. Ke3 g5 40. d4 exd4+
41. Kxd4 Rc6 42. Kd3 h5 43. g4 h4 44. Kd4 Rc4+ 45. Kd3 Rxe4 {Game drawn by
mutual agreement} 1/2-1/2

[Event "Team 45 45 League T63"]
[Site "Internet Chess Club"]
[Date "2015.01.08"]
[Round "6"]
[White "HorseRadish"]
[Black "KingOfClubs"]
[Result "1-0"]
[WhiteElo "1434"]
[BlackElo "1287"]
[Opening "Sicilian: Smith-Morra gambit"]
[ECO "B21"]
[Time "20:11:35"]
[TimeControl "2700+45"]

1. e4 c5 2. d4 cxd4 3. c3 dxc3 4. Nxc3 e6 5. Nf3 Nc6 6. Bc4 Bb4 7. O-O a6 8. Bf4
b5 9. Bb3 Nge7 10. Rc1 Bb7 11. Qe2 O-O 12. Rfd1 Na5 13. Bc2 Bxc3 14. bxc3 Nc4
15. Bd6 Re8 16. Bb3 Rc8 17. Ne5 Nxe5 18. Bxe5 Ng6 19. Bd6 Rc6 20. Rd2 Qb6 21.
Qd3 a5 22. c4 a4 23. c5 Qa6 24. Bd1 b4 25. Qg3 e5 26. h4 Re6 27. Qh2 Nf4 28. g3
Nd3 29. Be2 Rexd6 30. Rcd1 Rxc5 31. Qh3 Bxe4 32. f3 Bxf3 33. Bxf3 Nf2 34. Kxf2
Rxd2+ 35. Rxd2 Qa7 36. Kg2 Rc7 37. Qf5 Qe3 38. Rxd7 Rc2+ 39. Qxc2 {Black
resigns} 1-0

[Event "Team 45 45 League T63"]
[Site "Internet Chess Club"]
[Date "2015.01.12"]
[Round "6"]
[White "uzi"]
[Black "clarinetref"]
[Result "1-0"]
[WhiteElo "1889"]
[BlackElo "1605"]
[Opening "Modern defense: Averbakh system"]
[ECO "B06"]
[Time "10:05:32"]
[TimeControl "2700+45"]

1. e4 g6 2. d4 d6 3. c4 Bg7 4. Nc3 c6 5. Be2 e5 6. Nf3 Bg4 7. dxe5 Bxf3 8. Bxf3
Bxe5 9. Be3 Nd7 10. Qb3 Qc7 11. O-O Bg7 12. Rad1 Ngf6 13. Qb4 Bf8 14. Qa4 Nb6
15. Qa5 Nbd5 16. Qxc7 Nxc7 17. Bd4 Bg7 18. Bxf6 Bxf6 19. Rxd6 Be5 20. Rd3 O-O
21. Rd7 Rfd8 22. Rfd1 Rxd7 23. Rxd7 b6 24. g3 Ne6 25. Na4 b5 26. cxb5 cxb5 27.
Nc3 a6 28. Rd5 Bxc3 29. bxc3 Rc8 30. Rd3 Nc5 31. Rd6 Na4 32. Rxa6 Rxc3 33. Be2
Nc5 34. Ra8+ Kg7 35. Bxb5 Nxe4 36. Ra7 Nd6 37. Bd7 Rc1+ 38. Kg2 Re1 39. Ba4 Re5
40. Rd7 Ne4 41. f4 Rf5 42. Bc2 Nxg3 43. hxg3 Ra5 44. a4 Ra6 45. Bb3 Rf6 46.
Rxf7+ Rxf7 47. Bxf7 Kxf7 48. a5 {Black resigns} 1-0

[Event "Team 45 45 League T63"]
[Site "Internet Chess Club"]
[Date "2015.01.12"]
[Round "6"]
[White "PostMike"]
[Black "Gilguli"]
[Result "0-1"]
[WhiteElo "1438"]
[BlackElo "1435"]
[Opening "Latvian: Fraser defense"]
[ECO "C40"]
[Time "14:39:29"]
[TimeControl "2700+45"]

1. e4 e5 2. Nf3 f5 3. Nxe5 Nc6 4. Qh5+ g6 5. Nxg6 Nf6 6. Qh4 Rg8 7. Nf4 Rg4 8.
Qh3 Rxf4 9. d3 fxe4 10. Bxf4 exd3 11. Bxd3 Qe7+ 12. Qe3 Nd5 13. Qxe7+ Bxe7 14.
Bg3 Bf6 15. c3 Ncb4 16. Bxh7 Nc6 17. O-O d6 18. Na3 Bg4 19. Bg6+ Kd7 20. Bd3 Ne5
21. Bxe5 Bxe5 22. Nc4 Bf4 23. h3 Be6 24. Rfe1 Rg8 25. Kf1 Rf8 26. f3 Bg3 27.
Reb1 Nf4 28. Nxd6 Nxd3 29. Ne4 Bh4 30. Rd1 Kc8 31. Rxd3 Bc4 32. Ke2 Rd8 33. Rd1
Rg8 34. Ke3 Bxd3 35. Rxd3 Rxg2 36. Rd2 Rg1 37. f4 Rh1 38. f5 Rxh3+ 39. Kf4 Rh1
40. f6 Rf1+ 41. Ke5 Re1 42. f7 Be7 43. Rd8+ Kxd8 {White resigns} 0-1

[Event "Team 45 45 League T63"]
[Site "Internet Chess Club"]
[Date "2015.01.11"]
[Round "6"]
[White "medsurg"]
[Black "semperfi"]
[Result "0-1"]
[WhiteElo "1385"]
[BlackElo "1425"]
[Opening "Nimzo-Indian: classical variation"]
[ECO "E32"]
[Time "20:01:53"]
[TimeControl "2700+45"]

1. d4 Nf6 2. c4 e6 3. Nc3 Bb4 4. Qc2 O-O 5. Nf3 d5 6. a3 Bxc3+ 7. Qxc3 Ne4 8.
Qd3 c6 9. Bf4 Nd7 10. cxd5 exd5 11. e3 Ndf6 12. Ne5 Nh5 13. f3 Nxf4 14. exf4
Qh4+ 15. Ke2 Nf2 16. g3 Nxd3 17. gxh4 Nxf4+ 18. Ke3 Ng6 19. Nxg6 fxg6 20. Rc1
Bf5 21. Bg2 Rae8+ 22. Kd2 Bd7 23. b4 Rf4 {White resigns} 0-1

[Event "Team 45 45 League T63"]
[Site "Internet Chess Club"]
[Date "2015.01.07"]
[Round "6"]
[White "GregoryViking"]
[Black "ChessMaine"]
[Result "1-0"]
[WhiteElo "1591"]
[BlackElo "1477"]
[Opening "French: advance variation"]
[ECO "C02"]
[Time "19:34:19"]
[TimeControl "2700+45"]

1. e4 e6 2. d4 d5 3. e5 c5 4. c3 Qb6 5. Bd3 Nc6 6. Ne2 Bd7 7. O-O cxd4 8. cxd4
Nxd4 9. Be3 Bc5 10. Nbc3 Nxe2+ 11. Qxe2 d4 12. Ne4 dxe3 13. fxe3 Bxe3+ 14. Kh1
Bc5 15. Rac1 Rc8 16. Rxc5 Rxc5 17. Qf2 Rc7 18. Qxf7+ Kd8 19. Qxg7 Qe3 20. Qxh8
Rc1 21. Qxg8+ Kc7 22. Ng3 Rxf1+ 23. Bxf1 Qxe5 24. Qxh7 Qe1 25. Qc2+ Kd8 26. Qe2
Qb4 27. Qf2 b6 28. h3 Bc6 29. Qf6+ Kd7 30. Kh2 Qd2 31. a3 Bd5 32. h4 a6 33. h5
Qd1 34. h6 Qc2 35. Qg7+ Kd6 36. h7 {Black resigns} 1-0

[Event "Team 45 45 League T63"]
[Site "Internet Chess Club"]
[Date "2015.01.12"]
[Round "6"]
[White "Hal2001"]
[Black "BotanicalKnight"]
[Result "1/2-1/2"]
[WhiteElo "1563"]
[BlackElo "1540"]
[Opening "Caro-Kann: Steinitz variation"]
[ECO "B17"]
[Time "22:00:27"]
[TimeControl "2700+45"]

1. e4 c6 2. d4 d5 3. Nc3 dxe4 4. Nxe4 Nd7 5. Bc4 Ngf6 6. Qe2 Nxe4 7. Qxe4 Nf6 8.
Qf4 g6 9. Nf3 Bg7 10. O-O O-O 11. Re1 Bf5 12. c3 b5 13. Bb3 a5 14. a3 Nd5 15.
Qh4 e6 16. Qxd8 Rfxd8 17. Ne5 Bxe5 18. Rxe5 a4 19. Ba2 f6 20. Re2 Kf7 21. Bb1
Bxb1 22. Rxb1 Nb6 23. Bf4 Nc4 24. Rbe1 Re8 25. Bc1 Rac8 26. g4 g5 27. f4 h6 28.
Kg2 c5 29. dxc5 Rxc5 30. Kf3 Rc6 31. fxg5 hxg5 32. Kg3 Kg6 33. Rh1 Rh8 34. h4
gxh4+ 35. Rxh4 Rxh4 36. Kxh4 Ne5 37. Bf4 Nf3+ 38. Kg3 Ng5 39. Bxg5 Kxg5 40. Re4
Rc4 41. Rxe6 Rxg4+ 42. Kf3 Rf4+ 43. Ke3 Kg4 44. Rb6 Rf5 45. Ke4 {Game drawn by
mutual agreement} 1/2-1/2

[Event "Team 45 45 League T63"]
[Site "Internet Chess Club"]
[Date "2015.01.09"]
[Round "6"]
[White "Just-Jim"]
[Black "PaulRichard"]
[Result "0-1"]
[WhiteElo "1316"]
[BlackElo "1506"]
[Opening "Queen's pawn game"]
[ECO "A45"]
[Time "18:37:57"]
[TimeControl "2700+45"]

1. d4 Nf6 2. Nc3 e6 3. f4 c5 4. e3 Be7 5. Nf3 cxd4 6. Nxd4 d5 7. Bd3 a6 8. O-O
O-O 9. e4 Bc5 10. Be3 Nc6 11. e5 Nxd4 12. exf6 Qxf6 13. Kh1 b6 14. Na4 Nf5 15.
Bxc5 bxc5 16. Nxc5 Ne3 17. Qe2 Nxf1 18. Rxf1 Qd4 19. Nxa6 Qb6 20. Rf3 g6 21. Qe1
Bxa6 22. Rh3 Qd4 23. Qh4 Qg7 24. Bxa6 Rxa6 25. a3 Rc6 26. c3 d4 27. g4 dxc3 28.
Rxc3 Rxc3 29. bxc3 Qxc3 30. f5 exf5 31. g5 Re8 {White resigns} 0-1

[Event "Team 45 45 League T63"]
[Site "Internet Chess Club"]
[Date "2015.01.10"]
[Round "6"]
[White "seattleblues"]
[Black "kingsrook"]
[Result "1/2-1/2"]
[WhiteElo "1423"]
[BlackElo "1360"]
[Opening "QGD: classical variation (5.Bf4)"]
[ECO "D37"]
[Time "21:00:18"]
[TimeControl "2700+45"]

1. d4 d5 2. Nf3 e6 3. c4 Nf6 4. Nc3 Be7 5. Bf4 a6 6. e3 O-O 7. Bd3 c5 8. dxc5
Bxc5 9. Qc2 Nc6 10. a3 d4 11. Na4 Be7 12. b4 dxe3 13. Bxe3 Qc7 14. h3 h6 15. O-O
Rd8 16. Bb6 Qd7 17. Bxd8 Qxd8 18. Rad1 Qc7 19. c5 e5 20. Nb6 Rb8 21. Nxc8 Rxc8
22. Bf5 Rd8 23. Rxd8+ Bxd8 24. Rd1 Be7 25. Qc4 Na7 26. Bg6 Bf8 27. Nh4 Nc6 28.
Nf5 e4 29. Ne3 Ne5 30. Bxf7+ Qxf7 31. Qc3 {Game drawn by mutual agreement}
1/2-1/2

[Event "Team 45 45 League T63"]
[Site "Internet Chess Club"]
[Date "2015.01.08"]
[Round "6"]
[White "smsxman"]
[Black "dabodhi"]
[Result "0-1"]
[WhiteElo "1401"]
[BlackElo "1403"]
[Opening "French: advance, Nimzovich system"]
[ECO "C00"]
[Time "20:00:47"]
[TimeControl "2700+45"]

1. e4 e6 2. Nf3 d5 3. e5 c5 4. d4 Nc6 5. Bb5 Qa5+ 6. Nc3 a6 7. Bxc6+ bxc6 8. Bd2
Qc7 9. Bf4 Qa5 10. Bd2 Qc7 11. Bf4 Rb8 12. Rb1 Bd7 13. O-O cxd4 14. Qxd4 c5 15.
Qd1 Rb4 16. Bd2 d4 17. Ne4 Rb7 18. Re1 h6 19. c4 Ne7 20. b4 Nf5 21. bxc5 Rxb1
22. Qxb1 Bxc5 23. Bb4 Bxb4 24. Qxb4 Bc6 25. Nd6+ Nxd6 26. exd6 Qb7 27. Qxb7 Bxb7
28. Nxd4 Kd7 29. c5 Rc8 30. Rc1 g6 31. f4 Bd5 32. a3 f6 33. g3 e5 34. Ne2 Rb8
35. Nc3 Bc6 36. Nd1 Rb3 37. Rc3 Rb1 38. Rd3 Ba4 39. Kf2 Rxd1 40. Rxd1 Bxd1 41.
fxe5 fxe5 42. Ke3 Ba4 43. Ke4 Ke6 44. h4 Bc6+ 45. Ke3 Kd5 46. g4 Kxc5 47. g5
hxg5 48. hxg5 Kxd6 49. Kd3 {White resigns} 0-1

[Event "Team 45 45 League T63"]
[Site "Internet Chess Club"]
[Date "2015.01.09"]
[Round "6"]
[White "seattleblues"]
[Black "Andaluz"]
[Result "1/2-1/2"]
[WhiteElo "1414"]
[BlackElo "1323"]
[Opening "QGD semi-Slav"]
[ECO "D43"]
[Time "13:02:06"]
[TimeControl "2700+45"]

1. d4 Nf6 2. Nf3 d5 3. c4 c6 4. Nc3 e6 5. Bf4 Bd6 6. Bg3 Ne4 7. Nxe4 dxe4 8.
Bxd6 Qxd6 9. Ng5 Qf4 10. Nh3 Qd6 11. e3 Qb4+ 12. Qd2 Qxd2+ 13. Kxd2 Nd7 14. Be2
Nf6 15. Rhd1 Bd7 16. Rac1 h6 17. Ke1 g5 18. b4 Ke7 19. c5 a5 20. bxa5 Rxa5 21.
Rb1 Rb8 22. Rd2 Bc8 23. g4 Nd5 24. Bc4 Rba8 25. Bxd5 exd5 26. Rbb2 Ra3 27. Ng1
R8a7 28. h3 f5 29. gxf5 Bxf5 30. Kf1 Kf6 31. Kg2 h5 32. Ne2 h4 33. Nc1 g4 34.
hxg4 Bxg4 35. Rb3 Kg5 {Game drawn by mutual agreement} 1/2-1/2

[Event "Team 45 45 League T63"]
[Site "Internet Chess Club"]
[Date "2015.01.11"]
[Round "6"]
[White "parzival"]
[Black "Just-Jim"]
[Result "0-1"]
[WhiteElo "842"]
[BlackElo "1281"]
[Opening "Queen's pawn game"]
[ECO "D00"]
[Time "11:00:52"]
[TimeControl "2700+45"]

1. d4 d5 2. f4 e6 3. e3 Be7 4. Nf3 Bh4+ 5. g3 Be7 6. Bd3 Nf6 7. c3 c5 8. O-O c4
9. Bc2 h6 10. Ne5 Nbd7 11. Ba4 O-O 12. g4 Nxe5 13. fxe5 Ne4 14. Nd2 Ng5 15. Nf3
Nh3+ 16. Kg2 Ng5 17. h4 Nxf3 18. Qxf3 f5 19. exf6 Rxf6 20. Qe2 Rxf1 21. Qxf1 e5
22. dxe5 Bxh4 23. Qf3 Kh8 24. e4 Be6 25. Be3 dxe4 26. Qxe4 Bd5 27. Kf3 Bxe4+ 28.
Kxe4 Qd3+ 29. Kf4 Rf8# {White checkmated} 0-1

[Event "Team 45 45 League T63"]
[Site "Internet Chess Club"]
[Date "2015.01.11"]
[Round "6"]
[White "jjaco"]
[Black "oldbookseller"]
[Result "1-0"]
[WhiteElo "1015"]
[BlackElo "1119"]
[Opening "QGD: exchange variation"]
[ECO "D35"]
[Time "08:00:33"]
[TimeControl "2700+45"]

1. d4 d5 2. c4 e6 3. Nc3 Nf6 4. cxd5 exd5 5. e3 Bd6 6. Nf3 Nbd7 7. Bd3 O-O 8.
O-O b6 9. Re1 c5 10. Ne2 Bb7 11. Bb5 c4 12. Nc3 Bc7 13. Ba4 Ne4 14. Bc2 Ndf6 15.
Nxe4 dxe4 16. Ng5 Qd6 17. g3 Qd5 18. h4 Qf5 19. f4 h6 20. Nxe4 Bxe4 21. Bxe4
Nxe4 22. g4 Qd7 23. Qf3 Nf6 24. Re2 Nxg4 25. Rg2 Rae8 26. Rxg4 g5 27. hxg5 Qd6
28. gxh6+ Kh8 29. h7 Qh6 30. Kf2 Qxh7 31. Bd2 Qc2 32. Rh1+ Qh7 33. Rxh7+ Kxh7
34. Qh3# {Black checkmated} 1-0

[Event "Team 45 45 League T63"]
[Site "Internet Chess Club"]
[Date "2015.01.11"]
[Round "6"]
[White "Rococo"]
[Black "rhayder"]
[Result "1-0"]
[WhiteElo "1229"]
[BlackElo "1318"]
[Opening "King's Indian: London system"]
[ECO "A45"]
[Time "13:06:31"]
[TimeControl "2700+45"]

1. d4 Nf6 2. Bf4 g6 3. Nf3 Bg7 4. e3 O-O 5. Bd3 d6 6. c3 Bg4 7. Nbd2 Nbd7 8. Qc2
c5 9. h3 Bxf3 10. Nxf3 Nd5 11. Bg3 a6 12. Be4 N7f6 13. Bxd5 Nxd5 14. dxc5 dxc5
15. O-O-O e6 16. e4 b5 17. exd5 exd5 18. Rhe1 d4 19. Be5 Bh6+ 20. Kb1 f6 21. Bh2
f5 22. cxd4 cxd4 23. Nxd4 Qb6 24. Qb3+ Kh8 25. Be5+ Bg7 26. Bxg7+ Kxg7 {Black
resigns} 1-0

[Event "Team 45 45 League T63"]
[Site "Internet Chess Club"]
[Date "2015.01.11"]
[Round "6"]
[White "stantheman59"]
[Black "wildangels"]
[Result "1-0"]
[WhiteElo "1261"]
[BlackElo "1003"]
[Opening "Sicilian"]
[ECO "B54"]
[Time "19:00:22"]
[TimeControl "2700+45"]

1. e4 c5 2. Nf3 d6 3. d4 cxd4 4. Nxd4 e5 5. Nb3 Nc6 6. Be3 Nf6 7. Nc3 g6 8. Bc4
Bg7 9. Qd2 a6 10. a4 O-O 11. Bh6 Ng4 12. Bxg7 Kxg7 13. h3 Nf6 14. O-O-O Ne8 15.
f4 Qf6 16. Nd5 Qd8 17. Qf2 Be6 18. Nb6 Bxc4 19. Nxc4 Qf6 20. Nb6 Rd8 21. Nd5 Qe6
22. Rd3 Nb4 23. Nxb4 Qc4 24. Qb6 Rd7 25. Nd2 Qc8 26. Nd5 f5 27. exf5 Rxf5 28. g4
Rff7 29. Rc3 Qd8 30. f5 Nc7 31. Nxc7 Qh4 32. Ne6+ Kh6 33. Rc4 gxf5 34. g5+ Kh5
35. Rxh4+ Kxh4 36. Qf2+ Kh5 37. Nf3 e4 38. Qh4+ Kg6 39. Qh6# {Black checkmated}
1-0

[Event "Team 45 45 League T63"]
[Site "Internet Chess Club"]
[Date "2015.01.11"]
[Round "6"]
[White "chesscharm"]
[Black "Aquaman"]
[Result "0-1"]
[WhiteElo "1246"]
[BlackElo "1343"]
[Opening "QP counter-gambit: Maroczy gambit"]
[ECO "C40"]
[Time "15:26:52"]
[TimeControl "2700+45"]

1. e4 e5 2. Nf3 d5 3. exd5 Bd6 4. Nc3 Nf6 5. d3 O-O 6. Bg5 Nbd7 7. Be2 h6 8. Bh4
Be7 9. d4 exd4 10. Qxd4 Nb6 11. O-O Nbxd5 12. Nxd5 Nxd5 13. Bxe7 Nxe7 14. Qf4 c6
15. Rfd1 Qb6 16. Rab1 Nd5 17. Qg3 Nb4 18. Rd4 Nxc2 19. Rh4 Kh8 20. Ng5 Nd4 21.
Qd3 Bf5 22. Qd1 Bxb1 23. Qxb1 Nxe2+ 24. Kf1 f5 25. Kxe2 Rad8 26. Ne6 Rde8 27. b3
Rxe6+ 28. Kf1 Qb5+ 29. Kg1 Qe2 30. h3 Qe1+ 31. Qxe1 Rxe1+ 32. Kh2 Re2 33. Rb4 b5
34. a4 bxa4 35. Rxa4 Ra8 36. Rc4 Rb2 37. Rc5 Rxf2 38. Rxc6 Rb2 39. Rc5 Rxb3 40.
Rxf5 a5 41. Rf2 a4 42. Ra2 a3 43. Kg1 Rb1+ 44. Kh2 Rb2 45. Rxb2 axb2 46. Kg3
b1=Q 47. Kh2 Ra2 48. Kg3 Qe1+ 49. Kh2 Qe2 50. Kg3 Qxg2+ 51. Kf4 Qf2+ 52. Ke4
Ra4+ 53. Ke5 Qf4+ 54. Ke6 Ra6+ 55. Kd5 Ra5+ 56. Kc6 Qf6+ 57. Kd7 Ra7+ 58. Ke8
Qe7# {White checkmated} 0-1

[Event "Team 45 45 League T63"]
[Site "Internet Chess Club"]
[Date "2015.01.09"]
[Round "6"]
[White "semperfi"]
[Black "Ilamihir"]
[Result "0-1"]
[WhiteElo "1409"]
[BlackElo "1184"]
[Opening "King's Indian: East Indian defense"]
[ECO "A48"]
[Time "20:00:53"]
[TimeControl "2700+45"]

1. d4 Nf6 2. Nf3 g6 3. e3 Bg7 4. c4 d6 5. Nc3 O-O 6. Be2 Re8 7. e4 e5 8. dxe5
dxe5 9. Qxd8 Rxd8 10. O-O Nc6 11. Be3 Be6 12. Nd5 Nd4 13. Nxd4 exd4 14. Bxd4 c6
15. Nxf6+ Bxf6 16. Bxf6 Rd2 17. Bf3 Bxc4 18. Rfd1 Rxb2 19. Rd7 Rb5 20. a4 Rc5
21. Rad1 h6 22. Rd8+ Rxd8 23. Rxd8+ Kh7 24. Rd7 Be6 25. Rxb7 Rc1+ {White
resigns} 0-1

[Event "Team 45 45 League T63"]
[Site "Internet Chess Club"]
[Date "2015.01.08"]
[Round "6"]
[White "princevultan2"]
[Black "bugeyes"]
[Result "1-0"]
[WhiteElo "1143"]
[BlackElo "1120"]
[Opening "Four knights: Italian variation"]
[ECO "C47"]
[Time "18:00:14"]
[TimeControl "2700+45"]

1. e4 e5 2. Nf3 Nc6 3. Nc3 Nf6 4. Bc4 Nxe4 5. Nxe4 d5 6. Bxd5 Qxd5 7. Nc3 Qd8 8.
d3 Bc5 9. Be3 Bxe3 10. fxe3 O-O 11. O-O Bg4 12. h3 Bh5 13. Qd2 f6 14. d4 Bxf3
15. Rxf3 exd4 16. exd4 Qxd4+ 17. Qxd4 Nxd4 18. Rf2 Rfe8 19. Kf1 Rad8 20. Rd1 Nc6
21. Rxd8 Rxd8 22. Re2 Kf7 23. Ke1 Re8 24. Rxe8 Kxe8 25. Ke2 Kf7 26. Kd3 Kg6 27.
Nb5 Ne5+ 28. Kd4 c6 29. Nxa7 Nd7 30. b4 Kg5 31. Ke4 Kh4 32. Kf3 g6 33. a4 h5 34.
c4 g5 35. b5 cxb5 36. axb5 g4+ 37. hxg4 hxg4+ 38. Kf4 Nb6 39. c5 Na8 40. c6 b6
41. g3+ Kh3 42. Nc8 Nc7 43. Nd6 {Black forfeits on time} 1-0

[Event "Team 45 45 League T63"]
[Site "Internet Chess Club"]
[Date "2015.01.11"]
[Round "6"]
[White "room-matt"]
[Black "zap2"]
[Result "1-0"]
[WhiteElo "1907"]
[BlackElo "1656"]
[Opening "Pirc defense"]
[ECO "B07"]
[Time "08:55:57"]
[TimeControl "2700+45"]

1. e4 d6 2. d4 Nf6 3. Nc3 e5 4. dxe5 dxe5 5. Qxd8+ Kxd8 6. Nf3 Bd6 7. Bg5 c6 8.
O-O-O Ke7 9. Bc4 Bc7 10. Rd2 Nd7 11. a3 h6 12. Bh4 b5 13. Ba2 g5 14. Bg3 Nh5 15.
Rhd1 Rf8 16. Ne2 Nf4 17. Bxf4 gxf4 18. Nh4 Nc5 19. f3 a5 20. g4 Rd8 21. Rxd8
Bxd8 22. Bxf7 Bxg4 23. Ng6+ Kxf7 24. Nxe5+ Kf6 25. Nxg4+ Kg5 26. h3 Bc7 27. Nd4
h5 28. Nf2 Kh4 29. Nf5+ Kg5 30. Rg1+ Kf6 31. Nd3 Ne6 32. Kd2 Rd8 33. Ke2 c5 34.
b3 c4 35. bxc4 bxc4 36. Nb2 Bb6 37. Rb1 c3 38. Nc4 Bc7 39. Rb3 Ng5 40. h4 Ne6
41. Rxc3 Nd4+ 42. Nxd4 Rxd4 43. Nb2 Bd6 44. Rc6 Ke7 45. Nc4 Bb8 46. Nxa5 Ra4 47.
Nc4 Kd7 48. Rc5 Ba7 49. Rd5+ Ke6 50. Kd3 Bf2 51. Rxh5 Ra8 52. Re5+ Kd7 53. h5
Rg8 54. h6 Rg3 55. Ke2 Bg1 56. Rh5 Bd4 57. h7 Rg2+ 58. Kd3 Bh8 59. Rd5+ Ke6 60.
Rd8 Bf6 61. h8=Q Bxh8 62. Rxh8 Rf2 63. Rh6+ Kd7 64. Ne5+ Ke7 65. a4 Rg2 66. a5
Rg5 67. Kd4 Rg8 68. a6 Rc8 69. c3 Ra8 70. Nc6+ Kd7 71. a7 Kc7 72. Kd5 Kb7 73. e5
Rc8 74. c4 Ka8 75. e6 Rd8+ 76. Nxd8 Kxa7 77. e7 Kb8 78. e8=Q Kc7 79. Ne6+ Kb7
80. Qe7+ Ka6 81. Nd4+ {Black resigns} 1-0

[Event "Team 45 45 League T63"]
[Site "Internet Chess Club"]
[Date "2015.01.11"]
[Round "6"]
[White "Salvatore"]
[Black "rayngrant"]
[Result "1-0"]
[WhiteElo "1650"]
[BlackElo "1581"]
[Opening "Trompowsky attack (Ruth, Opocenský opening)"]
[ECO "A45"]
[Time "16:24:49"]
[TimeControl "2700+45"]

1. d4 Nf6 2. Bg5 Ne4 3. h4 h6 4. Bf4 d6 5. f3 Nf6 6. Nc3 c6 7. Qd3 Qb6 8. O-O-O
Be6 9. e4 Qa5 10. d5 cxd5 11. Qb5+ Qxb5 12. Bxb5+ Bd7 13. e5 Bxb5 14. Nxb5 Na6
15. exf6 gxf6 16. Rxd5 Kd7 17. Nh3 Rc8 18. Rhd1 Rc5 19. Rxc5 Nxc5 20. Nxa7 Bg7
21. Be3 b6 22. Nb5 Rc8 23. Nf4 Ra8 24. a3 f5 25. Nd5 Na4 26. c3 Ra6 27. Bd4 Bxd4
28. Rxd4 e5 29. Rxa4 Rxa4 30. Nxb6+ Kc6 31. Nxa4 Kxb5 32. b3 h5 33. Kd2 d5 34.
Ke3 f4+ 35. Kd3 f5 36. Nb2 e4+ 37. fxe4 dxe4+ 38. Ke2 {Black resigns} 1-0